 Dungeon Crawl Stone Soup version bcrawl-1.13.5 (webtiles) character file.

Game seed: 1576775186520963522

94 Anmu the Conjurer (level 4, 0/27 HPs)
             Began as a Fairy Conjurer on Sept 1, 2019.
             Killed from afar by a dart slug (1 damage)
             ... with a slug dart
             ... on level 3 of the Dungeon.
             The game lasted 00:02:10 (1479 turns).

Anmu the Conjurer (Fairy Conjurer)                  Turns: 1479, Time: 00:02:10

Health: 0/27       AC:  5    Str:  6    XL:     4   Next: 63%
Magic:  10/11      EV: 17    Int: 19    God:
Gold:   105        SH:  4    Dex: 13    Spells: 8/9 levels left

rFire    . . .     SeeInvis .   (weapon restricted)
rCold    . . .     Gourm    .   (shield restricted)
rNeg     . . .     Faith    .   (armour unavailable)
rPois    .         Spirit   .   k - +0 helmet
rElec    .         Reflect  .   (no cloak)
rCorr    .         Harm     .   (no gloves)
MR       .....                  (no boots)
Stlth    +.........             (no amulet)
HPRegen  0.09/turn              (no ring)
MPRegen  0.12/turn              (no ring)

@: flying evasively
A: small, magic attunement, unstealthy, unfitting armour, able to fly, AC/SH +4
a: Stop Flying


You were on level 3 of the Dungeon.
You were hungry.

You visited 1 branch of the dungeon, and saw 3 of its levels.

You collected 105 gold pieces.

Inventory:

Armour
 k - a +0 helmet (worn)
Jewellery
 h - a cursed -2 ring of evasion {unknown}
Scrolls
 c - 3 scrolls of amnesia {unknown}
 d - a scroll of enchant weapon {unknown}
 e - 3 scrolls of teleportation {unknown}
 f - 2 scrolls of identify {unknown}
 j - a scroll of fear {unknown}
 m - a scroll of remove curse {unknown}
Potions
 a - a potion of agility {unknown}
 g - a potion of lignification {unknown}
 i - a potion of might {unknown}
 n - 2 potions of mutation {unknown}
Comestibles
 b - 8 rations {!d}


   Skills:
 * Level 3.5 Dodging
 + Level 1.7 Stealth
 + Level 3.3 Spellcasting
 + Level 6.3 Conjurations


You had 8 spell levels left.
You knew the following spells:

 Your Spells              Type           Power        Failure   Level  Hunger
a - Magic Dart            Conj           ####         1%          1    None

Your spell library contained the following spells:

 Spells                   Type           Power        Failure   Level  Hunger
 Searing Ray              Conj           ####..       1%          2    None
 Iskenderun's Mystic Bla  Conj           ####....     3%          3    None
 Fulminant Prism          Conj/Hex       ###.......   36%         4    None
 Irradiate                Conj/Tmut      ###.......   73%         5    None


Dungeon Overview and Level Annotations

Branches:
Dungeon (3/12)

Altars:


Innate Abilities, Weirdness & Mutations

Your spells do not cause hunger and MP costs are reduced by 1.
Your bright wings attract enemies. (Stealth-)
You cannot fit into any form of body armour.
Your shimmering scales are hard and can block incoming attacks. (AC +4, SH +4)
You are small and have problems with some larger weapons.
You can fly continuously.


Message History

The adder is moderately wounded.
The adder closely misses you. The adder bites you.
The dart slug launches a dart at you. The slug dart hits you!
The dart slug launches a dart at you. The slug dart hits you!
* * * LOW HITPOINT WARNING * * *
The adder bites you.
* * * LOW HITPOINT WARNING * * *
Casting: Magic Dart (safe; 1% risk of failure)
Confirm with . or Enter, or press ? or * to list all spells.
Aiming: Magic Dart (safe; 1% risk of failure)
Press: ? - help, Shift-Dir - straight line, f/p - adder
Aim: an adder (lightly wounded)
The magic dart hits the adder.
The adder is severely wounded.
The adder misses you. The dart slug launches a dart at you.
The slug dart hits you!
You die...

#.#.≈≈≈w≈≈≈.#.
#o≈≈w≈≈≈≈≈≈≈≈#.
.o≈≈≈≈≈≈≈≈≈≈≈≈.
o≈≈≈≈≈≈≈≈≈#≈≈#
ow≈≈≈≈≈≈≈≈≈≈≈##
#≈≈≈≈≈≈≈≈≈≈.≈≈≈
≈≈?..≈S..≈≈≈.≈#
≈≈.$8)S@w..?.#
≈≈≈8≈≈.$.≈≈..≈≈
≈#≈≈≈≈≈≈≈≈≈≈≈≈≈
#≈≈≈#≈≈≈≈≈≈≈≈≈
.≈≈≈≈≈≈≈≈≈≈≈≈≈.
#≈w≈≈≈≈≈≈≈≈##≈#
##≈ ≈≈≈≈≈≈≈≈ .
[..≈≈≈≈≈≈#..


You could see 2 adders, 5 dart slugs and 4 orcs.

Vanquished Creatures
  An orc priest (D:3)
  An adder (D:2)
  3 worms (D:2)
  5 dart slugs
  6 bats
  2 giant cockroaches
  6 hobgoblins
  6 kobolds
  2 frilled lizards
  A goblin (D:2)
  A quokka skeleton (D:2)
  6 rats
40 creatures vanquished.

Notes
Turn   | Place    | Note
-------+----------+-------------------------------------------
     0 | D:1      | Anmu the Fairy Conjurer began the quest for the Orb.
     0 | D:1      | Reached XP level 1. HP: 11/11 MP: 6/6
    86 | D:1      | Reached skill level 5 in Conjurations
   149 | D:1      | Reached XP level 2. HP: 17/17 MP: 7/7
   607 | D:1      | Reached XP level 3. HP: 21/21 MP: 9/9
   989 | D:2      | Reached skill level 6 in Conjurations
  1203 | D:2      | Reached XP level 4. HP: 27/27 MP: 10/10
  1478 | D:3      | HP: 1/27 [adder (4)]
  1479 | D:3      | Killed from afar by a dart slug

Skill      XL: |  1  2  3  4 |
---------------+-------------+-----
Dodging        | 3 |  3.5
Conjurations   | 5 6 |  6.3
Spellcasting   | 3 |  3.3
Stealth        | |  1.7

Action                   |  1- 3 |  4- 6 || total
-------------------------+-------+-------++-------
 Cast: Magic Dart        |    79 |    17 ||    96
  Eat: Chunk             |     1 |       ||     1
Armor: Skin              |     2 |     2 ||     4
Dodge: Dodged            |     6 |    11 ||    17
Block: Other             |       |     3 ||     3
